 Dungeon Crawl Stone Soup version 0.27.0-1-g7a089689b8 (webtiles) character file.

Game seed: 8199748034201888896

77 Demosthentine the Poker (level 4, -1/35 HPs)
             Began as a Merfolk Gladiator on Aug 2, 2021.
             Killed by nerve-wracking pain
             ... invoked by Grinder
              (14 damage)
             ... on level 3 of the Dungeon.
             The game lasted 00:01:39 (2280 turns).

Demosthentine the Poker (Merfolk Gladiator)         Turns: 2280, Time: 00:01:40

Health: -1/35      AC:  4    Str: 21    XL:     4   Next: 34%
Magic:  4/4        EV: 13    Int:  7    God:
Gold:   55         SH:  0    Dex: 15    Spells: 3/3 levels left

rFire    . . .     SeeInvis .   a - +0 trident
rCold    . . .     Faith    .   (no shield)
rNeg     . . .     Spirit   .   b - +0 leather armour
rPois    .         Reflect  .   c - +0 helmet
rElec    .         Harm     .   (no cloak)
rCorr    .         Rampage  .   (no gloves)
Will     .....                  (no boots)
Stlth    +.........             (no amulet)
HPRegen  0.11/turn              g - +6 ring of strength
MPRegen  0.09/turn              (no ring)

@: no status effects
A: (nimble swimmer 2), mertail
a: no special abilities


You were on level 3 of the Dungeon.
You visited 1 branch of the dungeon, and saw 3 of its levels.

You collected 55 gold pieces.

Inventory:

Hand Weapons
 a - a +0 trident (weapon)
Missiles
 d - 3 throwing nets (quivered)
Armour
 b - a +0 leather armour (worn)
 c - a +0 helmet (worn)
Jewellery
 g - a +6 ring of strength (left hand)
 m - an amulet of regeneration
Scrolls
 e - a scroll of holy word {unknown}
 f - a scroll of teleportation
 h - a scroll of identify
 i - a scroll of enchant armour {unknown}
 l - a scroll of magic mapping {unknown}
Potions
 j - a potion of curing
 k - a potion of heal wounds {unknown}


   Skills:
 + Level 3.1 Fighting
 + Level 5.3 Polearms
 - Level 2.0 Throwing
 + Level 1.1 Armour
 + Level 4.8 Dodging


You had 3 spell levels left.
You didn't know any spells.
Your spell library contained the following spells:

 Spells                   Type           Power      Damage    Failure   Level
 Corona                   Hex            0%         N/A       47%         1
 Ensorcelled Hibernation  Hex/Ice        0%         N/A       63%         2
 Tukima's Dance           Hex            0%         N/A       85%         3


Dungeon Overview and Level Annotations

Branches:
Dungeon (2/15)

Altars:
Fedhas

Annotations:
D:3 Grinder


Innate Abilities, Weirdness & Mutations

((You are quick and stealthy near water. (Stealth+, EV+, Speed+++)))
Your lower body shifts to a powerful aquatic tail in water.


Message History

A rat comes into view.
A rat is nearby!
A frilled lizard comes into view.
The frilled lizard hisses angrily.
The frilled lizard unfolds its giant frill.
Found a blossoming altar of Fedhas.
You closely miss the rat. The rat misses you.
You puncture the rat!
You kill the rat!
No target in view!
Grinder comes into view.
Grinder shouts!
Grinder gestures at you. Pain shoots through your body!
A worm comes into view.
You see here 17 stones.
You barely miss Grinder. Grinder gestures at you.
Pain shoots through your body!
You hit Grinder.
Grinder is lightly wounded.
Grinder gestures at you.
You suddenly lose the ability to move!
Grinder gestures at you. Pain shoots through your body!
The frilled lizard bites you but does no damage.
Grinder barely misses you. The frilled lizard barely misses you.
Grinder hits you!
You can move again.
Unknown command.
Unknown command.
Unknown command.
It was a potion of curing.
You feel better. The frilled lizard barely misses you. Grinder hits you!
You writhe in agony.
Unknown command.
You puncture the frilled lizard!
You kill the frilled lizard!
Grinder gestures at you. Pain shoots through your body!
You die... .. #. . ..# P . #.# # ._ #.#.# .# P.P

#.#.# ###.. ...
.... ... ..
#.####5##.###
#####.#....@/.....#
....>.†..###..###.#
###...##.# w.# #.#
#.# ..# # #.# ...
#.# ..## #.# ..#
#.# ..# .#


You could see Grinder and a worm.

Vanquished Creatures
  2 adders (D:2)
  2 worms (D:2)
  2 dart slugs (D:1)
  2 ball pythons
  5 endoplasms
  6 hobgoblins
  7 jackals
  2 quokkas (D:1)
  2 bats (D:2)
  4 frilled lizards
  4 goblins
  4 kobolds
  5 rats
47 creatures vanquished.

Vanquished Creatures (others)
  A kobold (D:1)
1 creature vanquished.

Grand Total: 48 creatures vanquished

Notes
Turn   | Place    | Note
-------+----------+-------------------------------------------
     0 | D:1      | Demosthentine the Merfolk Gladiator began the quest for the
                  | Orb.
     0 | D:1      | Reached XP level 1. HP: 16/16 MP: 1/1
   269 | D:1      | Reached XP level 2. HP: 12/23 MP: 2/2
   820 | D:1      | Reached XP level 3. HP: 18/28 MP: 3/3
  1102 | D:1      | Reached skill level 5 in Polearms
  1916 | D:2      | Reached skill level 1 in Armour
  2096 | D:2      | Reached XP level 4. HP: 28/34 MP: 4/4
  2266 | D:2      | You fall into a shaft and drop 1 floor!
  2267 | D:3      | Found a blossoming altar of Fedhas.
  2272 | D:3      | Noticed Grinder
  2275 | D:3      | Paralysed by Grinder for 4 turns
  2280 | D:3      | Killed from afar by Grinder

Illustrated notes

Levels and vault maps discovered:
D:1:      sevenhm_arrival_forest_fort_small_4, layout_basic
D:2:      layout_basic, corexii_hall_statues_s
D:3:      layout_loops_ring, fedhas_altar_1, basic_ecumenical_altar,
          uniq_sigmund, uniq_grinder

Skill      XL: |  1  2  3  4 |
---------------+-------------+-----
Polearms       | 5 |  5.3
Armour         | 1 |  1.1
Fighting       | 3 |  3.1
Throwing       | |  2.0
Dodging        | |  4.8

Action                   |  1- 3 |  4- 6 || total
-------------------------+-------+-------++-------
Melee: Trident           |   126 |    21 ||   147
  Use: Scroll            |     3 |       ||     3
       Potion            |       |     1 ||     1
Armor: Leather armour    |    20 |     1 ||    21
Dodge: Dodged            |    61 |    11 ||    72
